 Dungeon Crawl Stone Soup version 0.26-b1-32-g5d43845318 (webtiles) character file.

Game seed: 1811809899853605496

1575 MTVSty1e the Cleaver (level 8, 0/75 HPs)
             Began as a Minotaur Fighter on Jan 9, 2021.
             Was a Follower of Okawaru.
             Succumbed to a killer bee's poison
             ... on level 5 of the Dungeon.
             The game lasted 00:06:19 (5243 turns).

MTVSty1e the Cleaver (Minotaur Fighter)             Turns: 5243, Time: 00:06:19

Health: 0/75       AC:  8    Str: 23    XL:     8   Next: 60%
Magic:  7/7        EV:  7    Int:  5    God:    Okawaru [*.....]
Gold:   300        SH:  9    Dex: 10    Spells: 7/7 levels left

rFire    . . .     SeeInvis +   a - +1 war axe
rCold    . . .     Faith    .   c - +0 kite shield
rNeg     . . .     Spirit   .   b - +0 scale mail
rPois    .         Reflect  .   (helmet restricted)
rElec    .         Harm     .   (no cloak)
rCorr    .         Rampage  .   k - +0 pair of gloves
Will     .....     Rnd*Tele +   (no boots)
Stlth    ..........             (no amulet)
HPRegen  0.22/turn              o - ring of teleportation (curse)
MPRegen  0.10/turn              (no ring)

@: lethally poisoned (0 -> -11)
A: retaliatory headbutt, horns 2, see invisible, deterioration 1
a: Renounce Religion, Heroism


You were on level 5 of the Dungeon.
You worshipped Okawaru.
Okawaru was aware of your devotion.
You visited 2 branches of the dungeon, and saw 7 of its levels.

You collected 300 gold pieces.

Inventory:

Hand Weapons
 a - a +1 war axe (weapon)
Armour
 b - a +0 scale mail (worn)
 c - a +0 kite shield (worn)
 k - a +0 pair of gloves (worn)
Jewellery
 o - a cursed ring of teleportation (left hand)
Wands
 d - a wand of flame (15)
 s - a wand of iceblast (9)
 w - a wand of random effects (21)
 y - a wand of digging (2)
Scrolls
 e - 3 scrolls of identify
 g - a scroll of magic mapping
 j - 3 scrolls of teleportation
 l - 2 scrolls of blinking
 m - 3 scrolls of amnesia
 x - a scroll of noise {unknown}
 z - a scroll of remove curse {unknown}
Potions
 f - 2 potions of berserk rage
 h - 3 potions of might
 i - a potion of attraction {unknown}
 n - a potion of flight
 p - a potion of cancellation
 r - a potion of resistance
 t - a potion of haste {unknown}
 u - a potion of mutation
 v - a potion of lignification {unknown}


   Skills:
 + Level 8.3 Fighting
 * Level 10.8 Axes
 - Level 3.6 Armour
 - Level 3.6 Shields


You had 7 spell levels left.
You didn't know any spells.
Your spell library was empty.

Dungeon Overview and Level Annotations

Branches:
Dungeon (6/15)             Temple (1/1) D:4

Altars:
Cheibriados
Dithmenos
Elyvilon
Fedhas
Gozag
Hepliaklqana
Makhleb
Nemelex Xobeh
Okawaru
Qazlal
Ru
Sif Muna
Trog
Vehumet
Wu Jian
Xom
Yredelemnul
Zin
The Shining One

Portals:
Abyss: D:5

Annotations:
D:5 2 transporters, Namnaref's ghost, novice GrBe


Innate Abilities, Weirdness & Mutations

You reflexively headbutt those who attack you in melee.
You have a pair of horns on your head.
You have supernaturally acute eyesight. (SInv)
Your body sometimes deteriorates upon taking damage.


Message History

* * * LOW HITPOINT WARNING * * *
You block the killer bee's attack.
It was a potion of flight.
You feel very buoyant.
You fly up into the air.
* * * LOW HITPOINT WARNING * * *
You feel sick.
The killer bee stings you but does no damage. x2
It was a potion of resistance.
You feel protected.
* * * LOW HITPOINT WARNING * * *
You feel sick.
The killer bee stings you but does no damage.
The killer bee stings you.
* * * LOW HITPOINT WARNING * * *
It was a potion of cancellation.
Your magical effects are unravelling.
You feel magically purged.
You float gracefully downwards.
Your resistance to elements expires.
You die...

#..#K##..####.#########....###
. #:W#..# #.# #.#.## ##
#.##..# #.# #.#.#
#.##...####.# #.#.# #.
#.........# #.#.# #K
##.#.###..#########.#.# ###
#...# #..##.....##.#.#
..####...###...†.###.##.#.#
...©............@# #......#
.....###.###.###y###.##.###
###### #.# #............# #.#
#####.######## #######.# #.#
##.......# #.# ..÷..##### #.#
##.#.# #.# #.#.###########.#


You could see a killer bee.

Vanquished Creatures
  Grinder (D:3)
  Duvessa (D:4)
  4 phantoms
  An ogre (D:4)
  2 centaurs (D:5)
  2 scorpions
  Dowan (D:4)
  2 killer bees
  A jelly (D:5)
  2 orc priests (D:4)
  A hound (D:4)
  2 orc wizards (D:4)
  Jessica (D:3)
  2 worker ants
  4 adders
  A howler monkey skeleton (D:4)
  2 shadow imps
  A white imp (D:5)
  An ooze (D:2)
  2 worms
  3 dart slugs
  2 leopard geckos
  6 orcs
  9 bats
  4 giant cockroaches
  13 goblins
  12 hobgoblins
  3 jackals (D:3)
  5 quokkas
  4 frilled lizards
  A giant cockroach zombie (D:5)
  A jackal skeleton (D:4)
  A jackal zombie (D:5)
  4 kobolds
  A leopard gecko zombie (D:6)
  A quokka zombie (D:5)
  9 rats
113 creatures vanquished.

Notes
Turn   | Place    | Note
-------+----------+-------------------------------------------
     0 | D:1      | MTVSty1e the Minotaur Fighter began the quest for the Orb.
     0 | D:1      | Reached XP level 1. HP: 19/19 MP: 0/0
    29 | D:1      | Reached skill level 3 in Axes
    35 | D:1      | Reached XP level 2. HP: 26/27 MP: 1/1
   336 | D:1      | Reached XP level 3. HP: 33/33 MP: 2/2
   437 | D:1      | Reached skill level 4 in Axes
  1303 | D:2      | Reached XP level 4. HP: 41/41 MP: 3/3
  1471 | D:3      | Noticed Jessica
  1479 | D:3      | Killed Jessica
  1480 | D:3      | Reached skill level 5 in Axes
  1519 | D:3      | Paralysed by an orc for 2 turns
  1574 | D:3      | Found a shimmering altar of Xom.
  1635 | D:3      | Noticed Grinder
  1644 | D:3      | Paralysed by Grinder for 6 turns
  1897 | D:3      | Killed Grinder
  1898 | D:3      | Reached skill level 5 in Fighting
  1898 | D:3      | Reached skill level 6 in Axes
  1898 | D:3      | Reached XP level 5. HP: 23/50 MP: 4/4
  1898 | D:3      | Reached XP level 6. HP: 26/57 MP: 5/5
  2398 | D:4      | Reached skill level 7 in Axes
  2669 | D:4      | Noticed Dowan
  2673 | D:4      | Noticed Duvessa
  2678 | D:4      | Killed Dowan
  2684 | D:4      | Killed Duvessa
  2685 | D:4      | Reached skill level 8 in Axes
  2685 | D:4      | Reached XP level 7. HP: 39/64 MP: 6/6
  3353 | D:4      | Found a staircase to the Ecumenical Temple.
  3362 | Temple   | Entered the Ecumenical Temple
  3399 | Temple   | Became a worshipper of Warmaster Okawaru
  3623 | D:4      | Reached skill level 9 in Axes
  3759 | D:4      | Reached XP level 8. HP: 49/73 MP: 7/7
  4125 | D:5      | Entered Level 5 of the Dungeon
  4232 | D:5      | Reached * piety under Okawaru
  4243 | D:5      | Reached skill level 10 in Axes
  4663 | D:5      | Found a transporter.
  4678 | D:5      | Found a one-way gate to the infinite horrors of the Abyss.
  4678 | D:5      | Noticed Namnaref's ghost (novice GrBe)
  4731 | D:5      | Found a white marble altar of Elyvilon.
  4871 | D:5      | Found a transporter.
  5240 | D:5      | Gained mutation: Your body sometimes deteriorates upon
                  | taking damage. [potion of mutation]
  5240 | D:5      | Gained mutation: You have supernaturally acute eyesight.
                  | (SInv) [potion of mutation]
  5242 | D:5      | HP: 1/75 [killer bee (5)]
  5243 | D:5      | Succumbed to a killer bee's poison

Illustrated notes

Levels and vault maps discovered:
D:1:      moated_graveyard_arrival, layout_loops_cross, st_stairs_10
D:2:      lemuel_upstairs_altar, layout_basic, chequers_serial_rivers_micro_b,
          hex_large, minmay_pentomino_t4
D:3:      layout_rooms, tgw_xom, uniq_grinder, uniq_jessica
D:4:      layout_rooms, minmay_temple_entry_waves,
          minmay_fractal_squares_gapless_5, uniq_duvessa
D:5:      layout_loops_ring, kennysheep_little_box,
          gammafunk_ghost_abyssal_escape
D:6:      nicolae_whirlpool, layout_basic, grunt_ministairs_15
Temple:   dpeg_five_rooms_temple

Skill      XL: |  1  2  3  4  5  6  7  8 |
---------------+-------------------------+-----
Axes           | 3 4 6 8 9 10 | 10.8
Fighting       | 4 5 6 7 8 |  8.3
Armour         | |  3.6
Shields        | |  3.6

Action                   |  1- 3 |  4- 6 |  7- 9 || total
-------------------------+-------+-------+-------++-------
Melee: War axe           |    99 |    85 |   134 ||   318
       Headbutt          |    11 |     7 |    27 ||    45
  Use: Potion            |       |     1 |     7 ||     8
       Scroll            |       |     9 |       ||     9
Armor: Scale mail        |    46 |    41 |    58 ||   145
Dodge: Dodged            |    27 |    26 |    33 ||    86
Block: Kite shield       |    33 |    41 |    62 ||   136
